Map: Shrines of Lizul

Players

Bicep

  • Race: Terran Terran

Musag

  • Race: Protoss Protoss

IlIlIlIlIlIl - Winner!

  • Race: Terran Terran
  • League: Bronze

Berserk - Winner!

  • Race: Protoss Protoss

VOD

Have the link to the VOD?

Description

Time

  • Played on: Nov. 23, 2016, 11:42 a.m.
  • Length: 8:02
Show
View Real Time Build Order
Export as new Build Order

Bicep Terran 

Build Orders:  

Get SALT Encoding   

  12  0:02  SCV  
  13  0:20  SCV  
  14  0:23  Supply Depot  
  14  0:32  SCV  
  15  0:36  Refinery  
  15  0:45  SCV  
  16  0:53  Barracks  
  16  1:01  SCV  
  17  1:13  SCV  
  17  1:17  Supply Depot  
  18  1:25  SCV  
  19  1:37  SCV  
  20  1:50  SCV  
  21  2:02  Marine, SCV  
  22  2:12  Factory  
  22  2:20  Marine  
  23  2:25  Refinery  
  21  2:38  Marine  
  21  2:55  Marine  
  22  3:09  SCV  
  23  3:13  Marine  
  24  3:21  SCV  
  25  3:31  Marine  
  25  3:33  SCV  
  25  3:49  Marine  
  25  3:55  SCV  
  27  4:04  Starport  
  27  4:07  SCV  
  28  4:16  Barracks Reactor  
  28  4:22  Barracks  
  28  4:25  SCV  
  29  4:36  Supply Depot  
  29  4:37  SCV  
  30  4:44  Starport Reactor  
  30  4:53  Marine  
  30  4:57  Marine  
  30  4:59  Supply Depot  
  32  5:11  Marine, Barracks Tech Lab  
  33  5:15  Marine  
  34  5:23  Medivac x2  
  34  5:25  Supply Depot  
  38  5:28  Marine  
  38  5:32  Marauder  
  38  5:33  Marine  
  38  5:35  Stimpack  
  42  5:46  Marine  
  43  5:51  Marine  
  43  5:53  Marauder, Medivac x2  
  50  6:04  Marine  
  50  6:09  Marine  
  52  6:15  Marauder  
  54  6:22  Marine  
  55  6:52  Marine  
  55  6:54  Marine  
  42  7:10  Marine  
  42  7:11  Marine  
  41  7:20  Marauder  
  43  7:28  Marine  
  43  7:29  Marine  
  45  7:42  Engineering Bay  
Show
View Real Time Build Order
Export as new Build Order

Musag Protoss 

Build Orders:  

Get SALT Encoding   

  12  0:02  Probe (Chrono Boost)  
  13  0:12  Probe (Chrono Boost)  
  14  0:23  Probe (Chrono Boost)  
  14  0:24  Pylon  
  15  1:08  Gateway  
  15  1:12  Assimilator  
  15  1:13  Probe (Chrono Boost)  
  16  1:26  Probe (Chrono Boost)  
  17  1:36  Probe (Chrono Boost)  
  19  1:47  Probe (Chrono Boost)  
  19  1:54  Zealot  
  19  1:59  Cybernetics Core  
  20  2:16  Pylon  
  20  2:20  Pylon  
  19  2:31  Warp Gate, Stalker  
  21  2:44  Gateway  
  22  3:00  Probe (Chrono Boost)  
  22  3:04  Stalker  
  24  3:13  Nexus  
  24  3:29  Assimilator  
  24  3:36  Probe (Chrono Boost)  
  25  3:45  Pylon  
  25  3:55  Stalker x2  
  28  4:26  Probe (Chrono Boost)  
  28  4:27  Probe (Chrono Boost)  
  30  4:36  Probe (Chrono Boost)  
  35  4:44  Gateway x2  
  31  4:53  Pylon  
  31  4:55  Probe (Chrono Boost)  
  31  4:56  Pylon, Probe (Chrono Boost)  
  33  5:03  Pylon  
  33  5:07  Pylon  
  33  5:08  Probe (Chrono Boost)  
  33  5:10  Mothership Core (Chrono Boost)  
  33  5:11  Stalker  
  38  5:15  Zealot  
  41  5:21  Probe (Chrono Boost)  
  41  5:47  Stargate  
  41  5:49  Probe (Chrono Boost)  
  43  5:50  Probe (Chrono Boost)  
  43  5:52  Assimilator  
  43  5:54  Assimilator  
  43  6:00  Probe (Chrono Boost)  
  43  6:02  Probe (Chrono Boost)  
  41  6:21  Adept  
  41  6:22  Adept x3  
  41  6:25  Probe (Chrono Boost)  
  51  6:26  Probe (Chrono Boost)  
  33  6:45  Stalker  
  33  6:46  Stalker  
  35  6:47  Stalker x2  
  39  7:00  Probe (Chrono Boost)  
  39  7:01  Robotics Facility  
  41  7:02  Probe (Chrono Boost)  
  33  7:21  Oracle  
  36  7:32  Stalker  
  36  7:33  Stalker x2  
  36  7:34  Stalker  
Show
View Real Time Build Order
Export as new Build Order

IlIlIlIlIlIl Terran - Winner!

Build Orders: Reaper Expand 

Get SALT Encoding   

  12  0:01  SCV  
  13  0:13  SCV  
  14  0:18  Supply Depot  
  14  0:25  SCV  
  15  0:40  SCV  
  15  0:41  Barracks  
  16  0:45  Refinery  
  16  0:52  SCV  
  17  1:04  SCV  
  18  1:16  SCV  
  19  1:29  Orbital Command, Supply Depot  
  19  1:31  Reaper  
  20  1:57  Command Center, SCV  
  21  2:04  Barracks Reactor  
  21  2:13  SCV  
  22  2:20  Supply Depot  
  22  2:25  SCV  
  23  2:36  Refinery  
  23  2:37  SCV  
  24  2:49  Marine x2, SCV  
  27  3:01  SCV  
  27  3:04  Factory  
  28  3:06  Factory  
  28  3:09  Marine x2  
  30  3:13  SCV  
  30  3:17  Orbital Command  
  31  3:25  SCV  
  31  3:27  Marine  
  32  3:31  Supply Depot  
  33  3:37  SCV  
  34  3:50  SCV  
  34  3:53  SCV  
  34  3:54  Factory Reactor, Factory Tech Lab  
  36  4:00  Refinery  
  36  4:02  SCV  
  37  4:03  Refinery  
  37  4:05  SCV  
  38  4:14  SCV  
  39  4:17  SCV  
  39  4:23  Cyclone  
  43  4:26  SCV  
  43  4:29  SCV  
  45  4:33  Cyclone  
  45  4:38  SCV  
  49  4:41  SCV  
  50  4:50  SCV  
  51  4:53  Factory, SCV  
  51  4:55  Cyclone, Barracks Tech Lab  
  51  4:57  Cyclone  
  58  5:02  SCV  
  58  5:05  SCV  
  60  5:10  Supply Depot  
  60  5:14  SCV  
  60  5:15  Command Center  
  60  5:17  SCV  
  60  5:19  Supply Depot  
  62  5:32  Supply Depot, Cyclone x2, SCV  
  62  5:34  Supply Depot  
  69  5:39  Unknown  
  69  5:41  Cyclone  
  72  5:45  SCV  
  72  5:46  Supply Depot, SCV  
  74  5:56  Cyclone  
  77  6:04  Supply Depot  
  77  6:06  Supply Depot  
  77  6:07  Cyclone  
  77  6:08  Cyclone  
  83  6:36  Cyclone x3  
  95  6:40  Cyclone  
  90  6:47  Cyclone  
  84  7:08  Cyclone  
  87  7:16  SCV  
  87  7:17  SCV  
  89  7:27  Cyclone x3  
  89  7:28  SCV  
  89  7:29  SCV  
  100  7:31  Orbital Command  
  100  7:41  SCV x2  
Show
View Real Time Build Order
Export as new Build Order

Berserk Protoss - Winner!

Build Orders: 1 Gate Expand 

Get SALT Encoding   

  12  0:01  Probe (Chrono Boost)  
  13  0:11  Probe (Chrono Boost)  
  14  0:21  Pylon  
  14  0:22  Probe (Chrono Boost)  
  15  0:39  Probe (Chrono Boost)  
  15  0:40  Gateway  
  16  0:49  Probe (Chrono Boost)  
  17  0:51  Assimilator  
  17  1:06  Probe (Chrono Boost)  
  18  1:13  Assimilator  
  18  1:17  Probe (Chrono Boost)  
  19  1:36  Nexus  
  19  1:38  Probe (Chrono Boost)  
  20  1:48  Probe (Chrono Boost)  
  21  1:55  Cybernetics Core  
  21  1:59  Assimilator  
  21  2:02  Pylon  
  21  2:09  Probe (Chrono Boost)  
  22  2:20  Probe (Chrono Boost)  
  23  2:32  Robotics Facility  
  23  2:35  Mothership Core (Chrono Boost)  
  25  2:40  Warp Gate  
  25  2:51  Probe (Chrono Boost)  
  26  2:53  Probe (Chrono Boost)  
  26  2:57  Stalker  
  29  3:01  Probe (Chrono Boost)  
  29  3:03  Probe (Chrono Boost)  
  31  3:12  Probe (Chrono Boost)  
  32  3:13  Pylon  
  32  3:14  Probe (Chrono Boost)  
  34  3:20  Observer  
  34  3:22  Probe (Chrono Boost)  
  34  3:25  Probe (Chrono Boost)  
  34  3:26  Assimilator  
  36  3:30  Assimilator  
  36  3:33  Adept, Probe (Chrono Boost)  
  39  3:39  Probe (Chrono Boost)  
  41  3:41  Observer  
  41  3:43  Probe (Chrono Boost)  
  42  3:50  Probe (Chrono Boost)  
  43  3:57  Robotics Bay  
  43  3:59  Probe (Chrono Boost)  
  43  4:01  Probe (Chrono Boost)  
  45  4:09  Probe (Chrono Boost)  
  47  4:10  Observer  
  47  4:11  Probe (Chrono Boost)  
  48  4:20  Probe (Chrono Boost)  
  48  4:22  Stalker, Probe (Chrono Boost)  
  52  4:27  Robotics Facility  
  52  4:30  Pylon, Probe (Chrono Boost)  
  53  4:32  Probe (Chrono Boost)  
  54  4:43  Pylon, Warp Prism  
  54  4:45  Gravitic Drive  
  54  4:48  Probe (Chrono Boost)  
  57  4:57  Probe (Chrono Boost)  
  57  4:58  Probe (Chrono Boost)  
  59  5:08  Gateway  
  59  5:09  Probe (Chrono Boost)  
  59  5:10  Gateway, Probe (Chrono Boost)  
  59  5:14  Disruptor  
  61  5:15  Disruptor  
  67  5:31  Nexus  
  67  5:34  Assimilator  
  67  5:37  Assimilator  
  67  5:38  Probe (Chrono Boost)  
  67  5:39  Probe (Chrono Boost)  
  69  5:43  Observer Gravitic Boosters  
  69  5:49  Probe (Chrono Boost)  
  70  5:50  Gateway  
  70  5:53  Gateway  
  70  6:45  Probe (Chrono Boost)  
  71  6:47  Stalker x2  
  71  6:48  Stalker  
  71  6:54  Pylon  
  77  6:56  Twilight Council  
  77  7:00  Pylon  
  77  7:14  Warp Prism  
  77  7:20  Disruptor  
  82  7:23  Gateway  
  82  7:25  Gateway  
  82  7:27  Gateway  
  82  7:29  Forge  
  82  7:30  Forge  
  82  7:34  Forge  
  82  7:47  Probe (Chrono Boost)  
  82  7:48  Probe (Chrono Boost)  
  82  7:49  Probe (Chrono Boost)  
Tags
 
Add a new tag
Caveats
  • Supply blocks, unpowered buildings, or Contaminate may cause inaccurate times.
  • Supply counts are checked every 10 seconds.